 Dungeon Crawl Stone Soup version 0.31-a0-18-gea43df2a32 (webtiles) character file.

Game seed: 15628873284433465114

5 passusers the Trooper (level 1, 0/20 HPs)
             Began as a Minotaur Berserker on May 11, 2023.
             Was a Follower of Trog.
             Slain by a kobold
             ... wielding a +0 dagger
              (4 damage)
             ... on level 1 of the Dungeon.
             The game lasted 00:00:10 (42 turns).

passusers the Trooper (Minotaur Berserker)            Turns: 42, Time: 00:00:11

Health: 0/20       AC:  2    Str: 21    XL:     1   Next: 66%
Magic:  0/0        EV: 12    Int:  4    God:    Trog [*.....]
Gold:   0          SH:  0    Dex:  9    Spells: 0/0 levels left

rFire   . . .        a - +0 hand axe
rCold   . . .        (no shield)
rNeg    . . .        b - +0 animal skin
rPois   .            (helmet restricted)
rElec   .            (no cloak)
rCorr   .            (no gloves)
SInv    .            (no boots)
Will    .....        (no amulet)
Stlth   +            (no ring)
HPRegen 0.23/turn    (no ring)
MPRegen 0.07/turn

%: no passive effects
@: lethally poisoned (0 -> -2)
A: horns 2, retaliatory headbutt
a: Renounce Religion, Berserk


You were on level 1 of the Dungeon.
You worshipped Trog.
Trog was aware of your devotion.
You visited 1 branch of the dungeon, and saw 1 of its levels.

Inventory:

Hand Weapons
 a - a +0 hand axe (weapon)
Armour
 b - a +0 animal skin (worn)
Scrolls
 c - a scroll of identify {unknown}


   Skills:
 + Level 3.8 Fighting
 + Level 3.8 Axes
 + Level 2.5 Armour
 + Level 2.2 Dodging


You couldn't memorise any spells.
You didn't know any spells.
Your spell library was empty.

Dungeon Overview and Level Annotations

Branches:
Dungeon (1/15)

Altars:


Innate Abilities, Weirdness & Mutations

You have a pair of horns on your head.
You reflexively headbutt those who attack you in melee.


Message History

You kill the endoplasm!
Trog accepts your kill.
You hit the kobold but do no damage.
You feel very sick. The kobold closely misses you. You furiously retaliate!
You headbutt the kobold.
You kill the kobold!
Trog accepts your kill.
You hit the goblin.
You kill the goblin!
Trog accepts your kill.
You feel very sick.
A kobold comes into view. It is wielding a +0 dagger.
You are too injured to fight recklessly!
You are too injured to fight recklessly!
A kobold is nearby!
Unknown command.
A kobold is nearby!
You are too injured to fight recklessly!
You are too injured to fight recklessly!
You feel sick.
You see here a +0 dagger.
You feel sick.
You are too injured to fight recklessly!
Found a yellow potion.
You feel sick.
There is a stone staircase leading down here.
You are too injured to fight recklessly!
You are too injured to fight recklessly!
You are too injured to fight recklessly!
You are too injured to fight recklessly!
You are too injured to fight recklessly!
You are too injured to fight recklessly!
Unknown command.
You barely miss the kobold.
You headbutt the kobold, but do no damage.
You feel sick. The kobold hits you with a +0 dagger.
* * * LOW HITPOINT WARNING * * *
You barely miss the kobold. Your headbutt misses the kobold.
You feel sick. The kobold hits you with a +0 dagger.
You die...

.⌠........⌠......##
..............#### #...
###......###### #.....
#####''###########......
.......................
..........####.#.#.#.#
#.......#####........
##..###....###.#.#.##
##. ####.##.).@K..# ..
#...#)#.#)#.# #.
####........ ##.#!#.#...
#.......... ...........
......$....!
##.......... ....


You could see a kobold.

Vanquished Creatures
  A ball python (D:1)
  An endoplasm (D:1)
  A goblin (D:1)
  A kobold (D:1)
4 creatures vanquished.

Notes
Turn   | Place    | Note
-------+----------+-------------------------------------------
     0 | D:1      | passusers the Minotaur Berserker began the quest for the
                  | Orb.
     0 | D:1      | Reached XP level 1. HP: 19/19 MP: 0/0
    42 | D:1      | Slain by a kobold

Illustrated notes

Levels and vault maps discovered:
D:1:      tekkud_arrival_beachfront_property, layout_rooms, st_stairs_8,
          minivault_25, minmay_misc_feat_ornament

Action                     || total
---------------------------++-------
  Melee: Hand axe          ||     6
         Headbutt          ||     2
  Dodge: Dodged            ||     4

Table legend: (Time is in decaauts)
 A = Elapsed time spent in this place.
 B = Non-inter-level travel time spent in this place.
 C = Inter-level travel time spent in this place.
 D = Time resting spent in this place.
 E = Time spent auto-exploring this place.
 F = Levels seen in this place.
 G = Mean time per level.
                   A        B        C        D        E       F      G
               +--------+--------+--------+--------+--------+-----+--------+
         Total |     42 |     42 |      0 |      0 |     29 |   1 |   42.0 |
       Dungeon |     42 |     42 |      0 |      0 |     29 |   1 |   42.0 |
               +--------+--------+--------+--------+--------+-----+--------+

Top non-repeatable levels by time:
     D:1: 42 daAuts
